 Dungeon Crawl Stone Soup version 0.32-a0-607-g64ea0e4219 (webtiles) character file.

Game seed: 5138541848168323040

549152 Hsik the Slayer (level 24, -26/207 HPs)
             Began as a Grey Draconian Berserker on Mar 3, 2024.
             Was an Elder of Trog.
             Annihilated by an Orb Guardian (41 damage)
             ... on level 5 of the Realm of Zot on Mar 5, 2024.
             The game lasted 09:32:13 (65413 turns).

Hsik the Slayer (Grey Draconian Berserker)         Turns: 65413, Time: 09:32:13

Health: -26/207    AC: 21    Str: 23      XL:     24   Next: 99%
Magic:  23/23      EV: 42    Int:  4 (5)  God:    Trog [****..]
Gold:   3950       SH: 34    Dex: 22      Spells: 23/23 levels left

rFire   + . .        I - +8 double sword of the Crushed Invaders {heavy, Dex+2 SInv}
rCold   + + .        a - +10 tower shield of Ignorance {rN+ Int-4}
rNeg    + + +        (body armour unavailable)
rPois   +            C - +1 hat {Will+}
rElec   +            L - +1 cloak of Starlight {*Dazzle EV+4 Stlth--}
rCorr   +            (no gloves)
SInv    +            y - +0 pair of boots "Xaqoelue" {^Drain rPois rN++}
Will    +++++        l - amulet "Tuvuv" {rElec rPois rC+ Will+ RegenMP+}
Stlth   +            Z - ring of the Dragon {rElec EV+5 Int+3}
HPRegen 1.00/turn    K - ring of Yxkurev {EV+5 Dex+5}
MPRegen 0.58/turn

%: no passive effects
@: maw-form, resistant, strong-willed, on berserk cooldown, regenerating,
slowed, studying Long Blades, very slow
A: devouring maw, mud breath, mud-swimmer, AC +17, amphibious, unfitting armour,
cold-blooded, camouflage 1, clumsy 2, deterioration 1, dopey 1, frail 1,
strong-willed 1, inhibited regeneration, inability to drink after injury 1
}: 3/15 runes: decaying, serpentine, silver
a: Mud Breath, Begin Untransformation, Renounce Religion, Berserk, Trog's Hand,
Brothers in Arms


You were on level 5 of the Realm of Zot.
You worshipped Trog.
Trog was greatly pleased with you.
You were a creature with a mouth for a stomach.
You visited 9 branches of the dungeon, and saw 47 of its levels.
You also visited: Desolation.

You collected 6662 gold pieces.
You spent 2712 gold pieces at shops.

Inventory:

Hand Weapons
 k - a +0 antimagic double sword
 s - a +6 falchion of holy wrath
 I - the +8 double sword of the Crushed Invaders (weapon) {heavy, Dex+2 SInv}
   (You acquired it on level 11 of the Dungeon)

   Dex+2:     It affects your dexterity (+2).
   SInv:      It lets you see invisible.
Missiles
 f - 20 boomerangs
 p - 24 poisoned darts
 r - 6 datura-tipped darts
 M - a throwing net
 P - 10 curare-tipped darts
Armour
 a - the +10 tower shield of Ignorance (worn) {rN+ Int-4}
   (You found it on level 4 of the Depths)

   Int-4:     It affects your intelligence (-4).
   rN+:       It protects you from negative energy.
 y - the +0 pair of boots "Xaqoelue" (worn) {^Drain rPois rN++}
   (You found it on level 5 of the Vaults)

   rPois:     It protects you from poison.
   rN++:      It greatly protects you from negative energy.
   ^Drain:    It drains your maximum health when unequipped.
 A - a +1 pair of gloves of hurling
 C - a +1 hat of willpower (worn)
 L - the +1 cloak of Starlight (worn) {*Dazzle EV+4 Stlth--}
   (You found it in the Desolation of Salt)

   *Dazzle:   It may blind those who miss an attack against the wearer in melee
   combat.
   EV+4:      It affects your evasion (+4).
   Stlth--:   It makes you much less stealthy.
Jewellery
 d - a ring of flight
 h - the ring "Nazem" {Fire Will- MP+9 Dex+5 Stlth+}
   (You found it on level 5 of the Lair of Beasts)

   [ring of fire]

   Fire:      It enhances your fire magic.
   Dex+5:     It affects your dexterity (+5).
   rF+:       It protects you from fire.
   rC-:       It makes you vulnerable to cold.
   Will-:     It decreases your willpower.
   MP+9:      It affects your magic capacity (+9).
   Stlth+:    It makes you more stealthy.
 l - the amulet "Tuvuv" (around neck) {rElec rPois rC+ Will+ RegenMP+}
   (You took it off a tengu reaver on level 2 of the Depths)

   [amulet of magic regeneration]

   It increases your rate of magic regeneration.
   rC+:       It protects you from cold.
   rElec:     It insulates you from electricity.
   rPois:     It protects you from poison.
   Will+:     It increases your willpower.
   RegenMP+:  It increases your rate of magic regeneration.
 o - a ring of protection from fire
 K - the ring of Yxkurev (right hand) {EV+5 Dex+5}
   (You acquired it on level 4 of the Snake Pit)

   [ring of evasion]

   EV+5:      It affects your evasion (+5).
   Dex+5:     It affects your dexterity (+5).
 Z - the ring of the Dragon (left hand) {rElec EV+5 Int+3}
   (You found it in the Desolation of Salt)

   [ring of evasion]

   EV+5:      It affects your evasion (+5).
   Int+3:     It affects your intelligence (+3).
   rElec:     It insulates you from electricity.
Talismans
 m - the dragon-blood talisman "Kublugos" {rF+++ Will- Int+4 Slay+3}
   (You found it on level 3 of the Vaults)

   [dragon-blood talisman]

   Int+4:     It affects your intelligence (+4).
   Slay+3:    It affects your accuracy & damage with ranged weapons and melee
   (+3).
   rF+++:     It renders you almost immune to fire.
   Will-:     It decreases your willpower.
 E - a maw talisman (active)
Wands
 g - a wand of warping (25)
 j - a wand of flame (90)
 F - a wand of light (26)
 H - a wand of mindburst (20)
 Q - a wand of digging (14) (quivered)
 R - a wand of polymorph (14)
Scrolls
 b - 3 scrolls of blinking
 c - 5 scrolls of fear
 u - 3 scrolls of immolation
 v - 8 scrolls of fog
 B - 3 scrolls of silence
 D - 2 scrolls of poison
 G - a scroll of revelation
 J - 5 scrolls of teleportation
 N - 2 scrolls of summoning
 U - 5 scrolls of vulnerability
 Y - 2 scrolls of torment
Potions
 e - 11 potions of curing
 i - 5 potions of enlightenment
 q - 7 potions of invisibility
 t - a potion of ambrosia
 w - a potion of haste
 z - 4 potions of resistance
 T - 3 potions of berserk rage
 V - 7 potions of mutation
 W - 2 potions of cancellation
Miscellaneous
 n - a lightning rod (4/4)
 x - a phial of floods
 O - a phantom mirror
 S - a sack of spiders
 X - a condenser vane


   Skills:
 + Level 22.1 Fighting
 - Level 16.0 Long Blades
 - Level 16.0 Throwing
 + Level 19.9 Dodging
 + Level 20.8 Shields
 + Level 18.7 Shapeshifting


You had 23 spell levels left.
You didn't know any spells.
Your spell library was empty.

Dungeon Overview and Level Annotations

Branches:
Dungeon (15/15)            Temple (0/1) D:7            Lair (5/5) D:8
  Swamp (4/4) Lair:3        Snake (4/4) Lair:2        Slime (0/5) Lair:4
    Orc (2/2) D:12            Elf (3/3) Orc:2        Vaults (5/5) D:14
  Crypt (0/3) Vaults:3     Depths (4/4) D:15            Zot (5/5) Depths:4
Desolation (visited)

Altars:
Elyvilon
Hepliaklqana
Kikubaaqudgha
Qazlal
Trog
Vehumet
Yredelemnul
Beogh
Jiyva
Lugonu

Shops:
D:4 ([(   D:5 :   D:14 [   Orc:1 [   Orc:2 ([*=   Elf:1 ?:[   Elf:2 =(
Vaults:5 ??(!?   Depths:1 *

Portals:
Hell: Depths:1 Depths:2 Depths:3 Depths:4
Abyss: Snake:1 Depths:3
Pandemonium: Depths:1 Depths:2
Ziggurat: Depths:1
Trove: Elf:1 (give +5 demon blade)

Annotations:
D:9 exclusion: statue
D:13 exclusion: hydra
D:14 Roxanne
Lair:2 exclusions: hydra and oklob plant
Lair:3 3 runed translucent doors, Iluushri's ghost, journeyman DjCK
Snake:1 2 transporters, Vuushr Kima's ghost, adept DsNe
Elf:2 3 runed translucent doors
Vaults:1 exclusion: ice statue
Zot:5 3 transporters


Innate Abilities, Weirdness & Mutations

You are a creature with a mouth for a stomach.
Your midsection houses a second, enormous mouth.
You can breathe torrents of mud.
You are unimpeded by mud.
Your dull iron-grey scales are very hard. (AC +17)
You are amphibious.
You cannot fit into any form of body armour.
You are cold-blooded and may be slowed by cold attacks.
Your skin changes colour to match your surroundings (Stealth+).
You are very clumsy. (Dex -4)
Your body sometimes deteriorates upon taking damage.
You are dopey. (Int -2)
You are frail. (-10% HP)
You are strong-willed. (Will+)
You do not regenerate when monsters are visible.
You occasionally lose the ability to drink potions when taking damage.


Message History

Your skin crawls.
You feel strong-willed. You block the Orb Guardian's attack.
The orb of fire glows bright magenta.
The bolt of fire hits you!!! You resist.
* * * LOW HITPOINT WARNING * * *
The Orb Guardian closely misses you.
The Orb Guardian's sight is seared by the starlight!
The Killer Klown blinks!
You block the Orb Guardian's attack.
The Killer Klown blinks!
You block the Orb Guardian's attack. The Orb Guardian misses you.
You completely miss the orb of fire. Your bite misses the orb of fire.
The Orb Guardian rages.
You block the Orb Guardian's attack. x3
The orb of fire emits a lurid red light.
The bolt of fire misses you.
The Killer Klown blinks! x2
You block the Orb Guardian's attack.
You closely miss the orb of fire.
You tail-slap the orb of fire, but do no damage.
Your bite misses the orb of fire.
The Orb Guardian is no longer blind.
You block the Orb Guardian's attack. x2; The Killer Klown blinks!
You block the Orb Guardian's attack.
The Killer Klown blinks! x2
You block the Orb Guardian's attack.
You barely miss the orb of fire. Your bite misses the orb of fire.
The Orb Guardian is no longer blind.
The Orb Guardian rages.
You block the Orb Guardian's attack.
The Orb Guardian rages.
The orb of fire emits a lurid red light.
Strange energies course through your body.
You feel yourself wasting away. You block the Orb Guardian's attack.
The Killer Klown blinks!
You block the Orb Guardian's attack. x2
The Killer Klown says, "Trust me, I'm a doctor."
The Killer Klown blinks!
The Orb Guardian misses you. The Orb Guardian hits you!!
* * * LOW HITPOINT WARNING * * *
Your body deteriorates!
You feel dopey. The Orb Guardian hits you!!!
You die...

...........## #............,,,,,
...........# #.....^...........
...........## #.......§.........
............# #......p.^........
............## #.................
............p###..p..............
###########...###~XXX..p.^^......
# ##.yX*##XXX............
###XXWXXX.............
#▓▓▓▓▓▓▓▓▓▓▓##....ß▓
****,,,......~~....
***,,,,^,............
**,,,,,,^,....^....... *********
*,,,,,,,,,.........^..
**,,,,,,,***,,,,,,,,,....)...*...
*,,,,,,,,,**,,,,,^,,,..........^.
,^,,,,,,,,,*,,,,,,,,,............


You could see an orb of fire, 3 Killer Klowns, 11 Orb Guardians and a moth of
wrath.

Vanquished Creatures
  4 dread liches (Zot:5)
  Frederick (Vaults:5)
  An ancient lich (Zot:5)
  5 orbs of fire
  4 juggernauts (Depths:2)
  Boris (twice) (Vaults:3 Depths:3)
  Bai Suzhen (Vaults:3)
  Saint Roka (Depths:1)
  Vashnia (Snake:4)
  A Killer Klown (Zot:5)
  2 curse toes
  7 golden dragons
  A caustic shrike (Depths:2)
  Nikola (Swamp:2)
  A bone dragon (Depths:4)
  Norris (Elf:1)
  3 doom hounds (Depths:2)
  2 electric golems
  7 tentacled monstrosities
  Zenata (Vaults:4)
  Jorgrun (Swamp:3)
  8 titans
  A deep elf master archer (Elf:1)
  10 Orb Guardians (Zot:5)
  A deep elf blademaster (Elf:3)
  5 liches
  9 quicksilver dragons
  Grunn (Depths:2)
  Asterion (Elf:2)
  9 sphinxes
  Gastronok (D:11)
  6 death cobs
  6 storm dragons
  2 thorn hunters
  7 tengu reavers
  9 shadow dragons
  5 fire giants
  A draconian monk (Zot:1)
  Donald (Snake:2)
  7 nagarajas
  A revenant (Depths:3)
  7 frost giants
  A draconian shifter (Zot:2)
  14 vault wardens
  3 draconian knights
  2 draconian scorchers
  2 orc warlords
  4 draconian stormcallers
  5 draconian annihilators
  4 caustic shrike skeletons (Depths:3)
  20 ironbound preservers
  2 spriggan defenders (Depths:4)
  20 stone giants
  6 very ugly things
  5 eleionomae
  The ghost of ezpacito the Prestidigitator, a journeyman CoCK of Xom (D:14)
  6 ironbound thunderhulks
  Nessos (Lair:4)
  4 white draconians
  9 yellow draconians
  An elemental wellspring (Depths:2)
  4 green draconians
  2 deep elf annihilators
  21 dire elephants
  5 vampire knights
  4 deep elf death magi
  5 red draconians
  5 black draconians
  4 halazid warlocks (Desolation)
  3 bunyips
  4 spark wasps (Depths:3)
  Azrael (Elf:2)
  5 purple draconians
  A merfolk javelineer (Depths:2)
  7 ettins
  11 fire dragons
  Josephine (D:11)
  Snorg (Lair:5)
  An entropy weaver (shapeshifter) (D:14)
  10 ragged hierophants (Desolation)
  4 crystal guardians
  4 jiangshi
  2 merfolk impalers (Depths:2)
  10 yaktaur captains
  2 deep elf high priests
  An entropy weaver (Vaults:3)
  Fannar (D:10)
  6 great orbs of eyes
  3 servants of whispers (Desolation)
  A hell beast (Depths:1)
  Erolcha (D:13)
  2 rakshasas
  3 salamander tyrants
  19 hydras
  6 ice dragons
  2 sphinx zombies (Depths:3)
  3 ogre magi
  6 peacekeepers
  30 vault guards
  A quicksilver dragon skeleton (Depths:3)
  7 alligators
  7 spriggan air magi
  6 ironbound frosthearts
  A merfolk avatar (Lair:5)
  10 centaur warriors
  10 anacondas
  A catoblepas (Lair:2)
  7 boulder beetles
  8 dancing weapons
  A ghost crab (Swamp:3)
  6 deep troll earth magi
  A vampire mage (Depths:1)
  A two-headed ogre (shapeshifter) (Elf:1)
  5 two-headed ogres
  3 deep troll shamans
  7 tengu warriors
  6 spriggan berserkers
  A shock serpent (shapeshifter) (Elf:1)
  5 shock serpents
  An occultist (Depths:2)
  7 deep elf knights
  An orc high priest (Depths:1)
  18 naga sharpshooters
  10 naga warriors
  4 sun demons (Depths:3)
  Nergalle (D:12)
  7 iron trolls
  4 hell knights (Depths:3)
  A soul eater (Depths:3)
  A cyclops (shapeshifter) (Vaults:5)
  8 salamander mystics
  A sixfirhy (Depths:1)
  A titan skeleton (Depths:3)
  5 skysharks
  A golden dragon zombie (Depths:3)
  3 skeletal warriors (D:15)
  A storm dragon skeleton (Depths:3)
  7 goliath frogs
  5 mana vipers
  2 glowing orange brains
  2 sea snakes (Lair:5)
  A shadow demon (Depths:1)
  4 arcanists
  51 deep trolls
  6 spriggan druids
  9 naga ritualists
  13 deep elf archers
  15 deep elf zephyrmancers
  A bog body (Swamp:4)
  An orange crystal statue (Depths:2)
  Pikel (D:6)
  9 lindwurms
  10 orc knights
  A shadow dragon zombie (Depths:3)
  15 swamp dragons
  3 necromancers
  29 ironbound convokers
  6 harpies
  4 flayed ghosts (Depths:3)
  A lindwurm (shapeshifter) (Elf:1)
  5 phantasmal warriors
  23 deep elf pyromancers
  A steelbarb worm (shapeshifter) (Vaults:5)
  2 iron dragon zombies (Depths:3)
  4 orc sorcerers
  8 cyclopes
  7 will-o-the-wisps
  A shining eye (shapeshifter) (Vaults:2)
  19 ugly things
  11 manticores
  A tengu skeleton (Depths:3)
  19 salamanders
  2 frost giant skeletons (Depths:3)
  13 moths of wrath
  An iron dragon skeleton (Depths:3)
  10 elephants
  4 kobold blastminers
  7 guardian serpents
  12 naga magi
  27 black mambas
  21 vault sentinels
  A torpor snail (Lair:4)
  A gargoyle (D:11)
  2 smoke demons (Depths:3)
  Maggie (D:7)
  2 molten gargoyles
  14 cane toads
  An efreet (D:13)
  14 komodo dragons
  2 kobold demonologists
  6 rime drakes
  36 yaktaurs
  A freezing wraith (Vaults:5)
  7 tengu conjurers
  5 trolls
  A queen bee (shapeshifter) (Elf:1)
  A tarantella (Vaults:5)
  11 tyrant leeches
  5 polar bears
  2 wind drakes (Lair:5)
  56 saltlings
  Grinder (D:6)
  11 blink frogs
  21 hornets
  7 dream sheep (Lair:4)
  32 slime creatures
  26 spriggans
  An air elemental (Elf:1)
  9 wraiths
  A spriggan (shapeshifter) (D:14)
  59 yaks
  2 shadows
  A vampire (D:11)
  6 wyverns
  5 fire elementals
  8 water elementals
  4 fire bats (D:9)
  4 wargs
  8 redbacks
  4 basilisks
  14 vampire mosquitoes
  6 steam dragons
  50 nagas
  Edmund (D:4)
  A glowing shapeshifter zombie (Vaults:2)
  14 swamp worms
  4 acid dragons
  6 hell hounds
  15 water moccasins
  A glowing shapeshifter skeleton (Depths:3)
  Duvessa (D:5)
  An ogre skeleton (Vaults:2)
  10 swamp drakes
  2 sky beasts (D:7)
  A black bear (D:4)
  A hornet zombie (D:5)
  12 ogres
  27 orc warriors
  20 wolves
  4 laughing skulls
  A phantom (D:5)
  9 centaurs
  4 lemures
  Blork the orc (D:6)
  A kobold brigand (D:8)
  10 bullfrogs
  A human skeleton (Vaults:2)
  7 scorpions
  7 wights
  Dowan (D:5)
  16 killer bees
  2 electric eels (D:8)
  10 howler monkeys
  2 lava snakes (D:9)
  3 bombardier beetles
  4 hounds
  A jelly (D:5)
  2 gnoll boudas (D:8)
  8 orc priests
  3 iguanas
  A sleepcap (D:6)
  Natasha (thrice) (D:3)
  9 orc wizards
  A hound zombie (D:5)
  3 gnolls (D:8)
  10 adders
  A shadow imp (D:6)
  A white imp (D:5)
  4 ufetubi
  A ribbon worm (D:2)
  3 dart slugs
  76 orcs
  10 ball pythons
  9 endoplasms
  2 giant cockroaches
  8 goblins
  7 hobgoblins
  4 jackals (D:2)
  4 quokkas
  A bat (D:1)
  3 frilled lizards
  9 kobolds
  4 rats
1857 creatures vanquished.

Vanquished Creatures (collateral kills)
  A lich (D:14)
  2 shadow dragons (Vaults:5)
  2 vault wardens
  3 ironbound preservers
  A very ugly thing (Vaults:5)
  A war gargoyle (Vaults:5)
  2 ironbound thunderhulks (Vaults:2)
  A yellow draconian (Zot:2)
  A green draconian (Zot:2)
  A purple draconian (Zot:2)
  A deep elf high priest (Vaults:2)
  A hydra (Lair:2)
  A shock serpent (Snake:4)
  Sonja (Lair:2)
  2 deep trolls (Vaults:2)
  An arcanist (Vaults:2)
  A naga ritualist (Snake:4)
  3 ironbound convokers (Vaults:2)
  A tengu zombie (Vaults:2)
  A deep elf zephyrmancer (Elf:1)
  An orc sorcerer (Orc:2)
  A vault sentinel (Vaults:2)
  A yaktaur (Vaults:5)
  A warg (Orc:2)
  A human simulacrum (Vaults:2)
  A naga (Snake:4)
  2 orc warriors (Orc:2)
  9 orcs
45 creatures vanquished.

Vanquished Creatures (others)
  An ancient lich (Vaults:5)
  A fire giant (Depths:1)
  A very ugly thing (Depths:3)
  A yellow draconian (Zot:5)
  An ice dragon (Depths:3)
  A fire dragon (Depths:3)
  2 hydras
  An orc high priest (Depths:1)
  A naga sharpshooter (Snake:4)
  3 deep elf knights
  A shadow wraith (Vaults:5)
  A mana viper (Snake:4)
  A deep elf archer (Elf:1)
  3 deep elf zephyrmancers
  3 deep elf pyromancers
  A guardian serpent (Desolation)
  2 smoke demons (Depths:3)
  3 bloated husks
  A saltling (Desolation)
  3 orc priests
  2 orcs (Orc:2)
  2 kobolds (D:8)
  28 foxfires
64 creatures vanquished.

Grand Total: 1966 creatures vanquished

Notes
Turn   | Place    | Note
-------+----------+-------------------------------------------
     0 | D:1      | Hsik the Draconian Berserker began the quest for the Orb.
     0 | D:1      | Reached XP level 1. HP: 19/19 MP: 1/1
   484 | D:1      | Reached XP level 2. HP: 21/26 MP: 2/2
  1099 | D:2      | Reached XP level 3. HP: 32/33 MP: 3/3
  1377 | D:2      | Found a faded altar of an unknown god.
  1513 | D:2      | Reached ** piety under Trog
  1514 | D:2      | Reached skill level 4 in Fighting
  1851 | D:3      | Noticed Natasha
  1856 | D:3      | Killed Natasha
  1857 | D:3      | Reached XP level 4. HP: 31/40 MP: 4/4
  2206 | D:3      | Noticed Natasha
  2448 | D:3      | Killed Natasha
  2449 | D:3      | Reached XP level 5. HP: 47/47 MP: 5/5
  2621 | D:3      | Noticed Natasha
  2630 | D:3      | Killed Natasha
  2631 | D:3      | Reached skill level 5 in Fighting
  2926 | D:3      | Reached XP level 6. HP: 51/56 MP: 6/6
  3177 | D:4      | Found Vekakyed's Antique Armour Boutique.
  3290 | D:4      | Noticed Edmund
  3301 | D:4      | Killed Edmund
  3616 | D:4      | Found Gefru's Antique Weapon Shop.
  3625 | D:4      | Reached skill level 5 in Long Blades
  3699 | D:4      | Identified the +1 cloak of a wizard's laboratory {rPois
                  | rCorr}
  3833 | D:4      | Found Utiblyot's Antique Weapon Boutique.
  4237 | D:5      | Entered Level 5 of the Dungeon
  4242 | D:5      | Your scales start taking on a dull iron-grey colour.
  4242 | D:5      | Reached XP level 7. HP: 62/62 MP: 7/7
  4242 | D:5      | Noticed Duvessa
  4242 | D:5      | Noticed Dowan
  4248 | D:5      | Killed Dowan
  4262 | D:4      | Reached skill level 6 in Fighting
  4273 | D:4      | Reached skill level 5 in Dodging
  4403 | D:5      | Killed Duvessa
  4794 | D:5      | Gained mutation: Your flesh is cold resistant. (rC+)
                  | [potion of mutation]
  4892 | D:5      | Reached XP level 8. HP: 71/71 MP: 8/8
  4959 | D:5      | Identified the +2 falchion of Inconvenience {freeze, *Rage
                  | Will+ Int+3}
  5084 | D:5      | Found Teacidukk's Book Boutique.
  5143 | D:5      | Reached skill level 7 in Fighting
  5222 | D:5      | Found a basalt altar of Yredelemnul.
  5979 | D:6      | Noticed Blork the orc
  5988 | D:6      | Killed Blork the orc
  5989 | D:6      | Reached XP level 9. HP: 72/79 MP: 9/9
  6086 | D:6      | Noticed Pikel
  6165 | D:6      | Killed Pikel
  6166 | D:6      | Reached skill level 8 in Fighting
  6225 | D:6      | Noticed Grinder
  6232 | D:6      | Paralysed by Grinder for 5 turns
  6244 | D:6      | Killed Grinder
  6895 | D:7      | Noticed Maggie
  6904 | D:7      | Killed Maggie
  7048 | D:7      | Reached skill level 10 in Long Blades
  7276 | D:7      | Found a bloodstained altar of Trog.
  7277 | D:7      | Found a stormy altar of Qazlal.
  7410 | D:7      | Found a staircase to the Ecumenical Temple.
  7414 | D:7      | Reached *** piety under Trog
  7471 | D:7      | Reached XP level 10. HP: 90/90 MP: 10/10
  7759 | D:7      | Reached skill level 9 in Fighting
  8263 | D:8      | Noticed a two-headed ogre
  8270 | D:8      | Killed a two-headed ogre
  8350 | D:8      | Noticed a manticore
  8359 | D:8      | Killed a manticore
  8366 | D:8      | Reached skill level 10 in Fighting
  8366 | D:8      | Found a hazy altar of Hepliaklqana.
  8481 | D:8      | Found a white marble altar of Elyvilon.
  8487 | D:8      | Identified a scroll of acquirement
  8487 | D:8      | Acquired 1134 gold pieces
  8547 | D:8      | Found a staircase to the Lair.
  9153 | D:8      | Reached XP level 11. HP: 100/100 MP: 11/11
  9293 | D:4      | Bought a runed rapier for 203 gold pieces
  9293 | D:4      | Bought a warped dagger for 203 gold pieces
  9293 | D:4      | Identified the +3 dagger "Jahasimo" {drain, rCorr MP+9
                  | Dex-2 Stlth+} (You bought it in a shop on level 4 of the
                  | Dungeon)
  9893 | D:9      | Found a radiant altar of Vehumet.
 10234 | D:9      | Noticed a two-headed ogre
 10249 | D:9      | Killed a two-headed ogre
 10625 | D:10     | Entered Level 10 of the Dungeon
 10894 | D:10     | Noticed Fannar
 10905 | D:10     | Killed Fannar
 11076 | D:10     | Reached skill level 11 in Fighting
 11213 | D:10     | Found a roughly hewn altar of Beogh.
 11300 | D:10     | Reached **** piety under Trog
 11989 | D:10     | Found a roughly hewn altar of Beogh.
 11990 | D:10     | Reached ***** piety under Trog
 12054 | D:10     | Lost mutation: Your flesh is cold resistant. (rC+) [potion
                  | of mutation]
 12054 | D:10     | Gained mutation: You occasionally lose the ability to read
                  | scrolls when taking damage. [potion of mutation]
 12235 | D:11     | Noticed Gastronok
 12253 | D:11     | Killed Gastronok
 12340 | D:11     | Reached XP level 12. HP: 110/110 MP: 12/12
 12434 | D:11     | Acquired the +8 double sword of the Crushed Invaders
                  | {heavy, Dex+2 SInv}
 12442 | D:11     | Noticed a two-headed ogre
 12455 | D:11     | Killed a two-headed ogre
 12518 | D:11     | Reached skill level 10 in Dodging
 12523 | D:11     | Reached skill level 12 in Fighting
 12675 | D:11     | Noticed Josephine
 12685 | D:11     | Killed Josephine
 13260 | Lair:1   | Entered Level 1 of the Lair of Beasts
 13721 | Lair:1   | Found a stormy altar of Qazlal.
 13810 | Lair:1   | Noticed a boulder beetle
 13816 | Lair:1   | Killed a boulder beetle
 14377 | Lair:1   | Noticed a seven-headed hydra
 14384 | Lair:1   | Killed a seven-headed hydra
 14393 | Lair:1   | Reached skill level 15 in Long Blades
 14641 | Lair:1   | Reached skill level 13 in Fighting
 15019 | Lair:2   | Noticed a catoblepas
 15028 | Lair:2   | Killed a catoblepas
 15028 | Lair:2   | Noticed a four-headed hydra
 15070 | Lair:1   | Reached XP level 13. HP: 80/122 MP: 13/13
 15448 | Lair:2   | Reached skill level 1 in Shields
 15468 | Lair:2   | Noticed Sonja
 15476 | Lair:2   | Killed Sonja
 15902 | Lair:2   | Found a staircase to the Snake Pit.
 16906 | Lair:3   | Found a staircase to the Swamp.
 16946 | Lair:3   | Found a runed translucent gate.
 16947 | Lair:3   | Found a runed translucent gate.
 16947 | Lair:3   | Noticed Iluushri's ghost (journeyman DjCK)
 16948 | Lair:3   | Found a runed translucent gate.
 17007 | Lair:3   | Reached skill level 5 in Shields
 18186 | Lair:4   | Found a viscous altar of Jiyva.
 18186 | Lair:4   | Found a staircase to the Slime Pits.
 18202 | Lair:4   | Received a gift from Trog
 18286 | Lair:4   | Noticed Nessos
 18305 | Lair:4   | Killed Nessos
 19111 | Lair:5   | Entered Level 5 of the Lair of Beasts
 19443 | Lair:5   | Reached XP level 14. HP: 130/130 MP: 14/14
 19713 | Lair:5   | Noticed Snorg
 19724 | Lair:5   | Reached skill level 14 in Fighting
 19729 | Lair:5   | Killed Snorg
 20621 | Lair:5   | Identified the +4 dagger of Nice Expedience {antimagic,
                  | Dex+5}
 20627 | Lair:5   | Lost mutation: You occasionally lose the ability to read
                  | scrolls when taking damage. [potion of mutation]
 20627 | Lair:5   | Gained mutation: Your skin changes colour to match your
                  | surroundings (Stealth+). [potion of mutation]
 20627 | Lair:5   | Gained mutation: You are strong-willed. (Will+) [potion of
                  | mutation]
 20631 | Lair:5   | Identified the ring of the Mutiny {MP+9 Str+3}
 20634 | Lair:5   | Identified the ring "Nazem" {Fire Will- MP+9 Dex+5 Stlth+}
 20650 | Lair:5   | Reached skill level 1 in Shapeshifting
 21801 | D:12     | Found a staircase to the Orcish Mines.
 21857 | D:12     | Reached skill level 5 in Shapeshifting
 22074 | D:12     | Noticed Nergalle
 22081 | D:12     | Killed Nergalle
 22407 | Orc:1    | Entered Level 1 of the Orcish Mines
 22407 | Orc:1    | Found Sidouto's Antique Armour Shop.
 22712 | Orc:2    | Entered Level 2 of the Orcish Mines
 22744 | Orc:2    | Found Asiadi's Antique Armour Shoppe.
 22923 | Orc:2    | Noticed an orc warlord
 23399 | Orc:1    | Killed an orc warlord
 24084 | Orc:1    | Reached XP level 15. HP: 138/139 MP: 15/15
 24248 | Orc:2    | Found a staircase to the Elven Halls.
 24347 | Orc:2    | Found Inesiqot's Jewellery Shop.
 24473 | Orc:2    | Found a roughly hewn altar of Beogh.
 24677 | Orc:2    | Found Maemepse's General Store.
 24730 | Orc:2    | Found Foiprire's Antique Weapon Emporium.
 24875 | Orc:2    | Bought a kite shield for 153 gold pieces
 24906 | Orc:1    | Bought a runed cloak for 232 gold pieces
 25410 | D:13     | Noticed Erolcha
 25418 | D:13     | Killed Erolcha
 26149 | D:13     | Identified the +7 short sword "Unaobi" {holy, *Slow rN++
                  | Will+++ MP-9}
 26536 | D:14     | Identified the granite talisman of Rarin {rN+ Will+ rCorr
                  | Str+3}
 26536 | D:14     | Noticed Roxanne
 26594 | D:14     | Reached skill level 10 in Shapeshifting
 27045 | D:14     | Found Wyklekil's Armour Emporium.
 27569 | D:14     | Found a gate to the Vaults.
 27791 | D:14     | Found a runed translucent gate.
 27791 | D:14     | Noticed a lich
 27791 | D:14     | Noticed a lich
 27792 | D:14     | Found a runed translucent gate.
 27792 | D:14     | Found an ancient bone altar of Kikubaaqudgha.
 27792 | D:14     | Noticed ezpacito's ghost (journeyman CoCK)
 27792 | D:14     | Noticed a lich
 27794 | D:14     | Found a runed translucent gate.
 27794 | D:14     | Noticed a lich
 27906 | D:14     | Killed a lich
 27909 | D:14     | Killed a lich
 27912 | D:14     | Killed a lich
 27915 | D:14     | Killed a lich
 27919 | D:14     | Killed ezpacito's ghost
 27926 | D:14     | Identified the +0 ring mail of Darkness {rElec Will+
                  | Regen+}
 27928 | D:14     | Identified the ring "Osiotiri" {rCorr Str+2 Int+6}
 27932 | D:14     | Identified the +1 cloak of the Abyss {Rampage}
 29434 | D:15     | Entered Level 15 of the Dungeon
 29538 | D:15     | Reached skill level 1 in Throwing
 30529 | D:15     | Found a staircase to the Depths.
 31075 | Swamp:1  | Entered Level 1 of the Swamp
 31096 | Swamp:1  | Reached skill level 10 in Shields
 31110 | Swamp:1  | Reached XP level 16. HP: 63/147 MP: 16/16
 31225 | Swamp:1  | Noticed a thorn hunter
 31233 | Swamp:1  | Killed a thorn hunter
 31319 | Swamp:1  | Reached skill level 5 in Throwing
 33118 | Swamp:2  | Noticed Nikola
 33126 | Swamp:2  | Killed Nikola
 33496 | Swamp:3  | Noticed a thorn hunter
 33819 | Swamp:3  | Killed a thorn hunter
 34293 | Swamp:3  | Noticed Jorgrun
 34300 | Swamp:3  | Killed Jorgrun
 34825 | Swamp:4  | Entered Level 4 of the Swamp
 36278 | Snake:1  | Entered Level 1 of the Snake Pit
 36278 | Snake:1  | Found a transporter.
 36279 | Snake:1  | Noticed a tentacled starspawn
 36281 | Snake:1  | Noticed an Executioner
 36610 | Snake:1  | Found the +3 greatsling "Punk" {acid, rCorr}
 36630 | Snake:1  | Reached skill level 10 in Throwing
 36630 | Snake:1  | Reached XP level 17. HP: 154/154 MP: 17/17
 36799 | Snake:1  | Found a one-way gate to the infinite horrors of the Abyss.
 36799 | Snake:1  | Noticed Vuushr Kima's ghost (adept DsNe)
 36802 | Snake:1  | Found a transporter.
 37913 | Snake:2  | Noticed Donald
 37923 | Snake:2  | Killed Donald
 38772 | Snake:4  | Entered Level 4 of the Snake Pit
 39058 | Snake:4  | Identified the ring of Traps {Will+ Str+3 Int+5}
 39718 | Snake:4  | Noticed Vashnia
 39741 | Snake:4  | Killed Vashnia
 40477 | Swamp:4  | Reached XP level 18. HP: 161/161 MP: 18/18
 40607 | Swamp:4  | Got a decaying rune of Zot
 41733 | Snake:4  | Got a serpentine rune of Zot
 41776 | Snake:4  | Acquired the ring of Yxkurev {EV+5 Dex+5}
 42227 | Vaults:1 | Entered Level 1 of the Vaults
 43108 | Vaults:1 | Received a gift from Trog
 43214 | Vaults:1 | Identified the orb of Fortitude {light, Fire}
 43606 | Vaults:1 | Reached skill level 15 in Fighting
 44265 | Vaults:2 | Reached XP level 19. HP: 170/170 MP: 19/19
 45119 | Vaults:2 | Reached skill level 15 in Throwing
 45208 | Vaults:2 | Reached skill level 15 in Shields
 45959 | Vaults:3 | Identified the dragon-blood talisman "Kublugos" {rF+++
                  | Will- Int+4 Slay+3}
 46020 | Vaults:3 | Found a staircase to the Crypt.
 46020 | Vaults:3 | Found an ancient bone altar of Kikubaaqudgha.
 46020 | Vaults:3 | Found a basalt altar of Yredelemnul.
 46123 | Vaults:3 | Reached skill level 15 in Dodging
 46210 | Vaults:3 | Identified the +3 ring mail of Qazlal, Protecting {Harm
                  | Str+3 Dex+4 Slay+2}
 46278 | Vaults:3 | Noticed Bai Suzhen
 46290 | Vaults:3 | Killed Bai Suzhen
 46569 | Vaults:3 | Identified the +4 robe of Eternal Vigilance {Dex+4}
 46569 | Vaults:3 | Noticed Boris
 46579 | Vaults:3 | Killed Boris
 46580 | Vaults:3 | Reached skill level 16 in Fighting
 46674 | Vaults:3 | Reached XP level 20. HP: 180/180 MP: 20/20
 47004 | Vaults:4 | Found a crumbling gateway.
 47034 | Desolati | Entered the Desolation of Salt
 47075 | Desolati | Received a gift from Trog
 47283 | Desolati | Found the +1 cloak of Starlight {*Dazzle EV+4 Stlth--}
 47341 | Desolati | Identified the ring of the Dragon {rElec EV+5 Int+3}
 47523 | Desolati | Identified the ring "Giguc" {rC+ Int+5}
 47525 | Desolati | Identified the +10 long sword of Erasaj {drain, Will+
                  | Int+3}
 47527 | Desolati | Identified the +0 robe of the Moon Troll {rN+}
 47554 | Desolati | Identified the +0 ring mail of Broken Taboos {Stlth+}
 47615 | Desolati | Received a gift from Trog
 47653 | Desolati | Identified the amulet "Wurchuhof" {Spirit rC+ Str+2}
 47817 | Vaults:4 | Noticed Zenata
 47826 | Vaults:4 | Killed Zenata
 48312 | Vaults:4 | Identified the scarf "Irrouh" {+Inv, rN+ Str+4}
 48525 | Vaults:4 | Reached skill level 17 in Fighting
 49025 | Elf:1    | Entered Level 1 of the Elven Halls
 49248 | Elf:1    | Noticed Norris
 49258 | Elf:1    | Killed Norris
 49260 | Elf:1    | Reached XP level 21. HP: 159/191 MP: 11/21
 49470 | Elf:1    | Paralysed by an air elemental for 1 turns
 49629 | Elf:1    | Found a portal to a secret trove of treasure.
 49889 | Elf:1    | Found Rapihid's Antique Armour Emporium.
 49891 | Elf:1    | Found Paisigg's Book Shoppe.
 49893 | Elf:1    | Found Kiceeppo's Magic Scroll Emporium.
 49901 | Elf:1    | Bought a scroll of silence for 161 gold pieces
 49901 | Elf:1    | Bought a scroll of blinking for 127 gold pieces
 49901 | Elf:1    | Bought a scroll of silence for 161 gold pieces
 49901 | Elf:1    | Bought a scroll of blinking for 127 gold pieces
 50112 | Elf:2    | Found a runed translucent gate.
 50112 | Elf:2    | Found a runed translucent gate.
 50113 | Elf:2    | Found a runed translucent gate.
 50163 | Elf:2    | Found Qecoor's Weapon Boutique.
 50164 | Elf:2    | Noticed Asterion
 50183 | Elf:2    | Killed Asterion
 50203 | Elf:2    | Found Ypseq's Jewellery Boutique.
 50324 | Elf:2    | Noticed Azrael
 50332 | Elf:2    | Killed Azrael
 50371 | Elf:2    | Identified the +6 scale mail "Dearphye" {Rampage rN+ rCorr
                  | Dex+3}
 50445 | Elf:3    | Entered Level 3 of the Elven Halls
 50535 | Elf:3    | Found the +8 Wrath of Trog {antimagic, *Rage Rampage}
 50538 | Elf:3    | HP: 2/193 [something][a deep elf demonologist] (12)]
 50819 | Depths:1 | Entered Level 1 of the Depths
 50819 | Depths:1 | Found Wunkuuj's Demolitions Depot.
 50846 | Depths:1 | Found a gateway to Hell.
 51101 | Depths:1 | Found a one-way gateway to a ziggurat.
 51265 | Depths:1 | Found a one-way gate leading to the halls of Pandemonium.
 51620 | Depths:1 | Reached skill level 18 in Fighting
 51629 | Depths:1 | Reached skill level 15 in Shapeshifting
 52115 | Depths:1 | Noticed Saint Roka
 52133 | Depths:1 | Killed Saint Roka
 52584 | Depths:2 | Noticed Grunn
 52606 | Depths:2 | Killed Grunn
 52921 | Depths:2 | Reached XP level 22. HP: 203/203 MP: 22/22
 53049 | Depths:2 | Noticed a golden dragon
 53055 | Depths:2 | Killed a golden dragon
 53066 | Depths:2 | Noticed a juggernaut
 53067 | Depths:2 | Noticed a juggernaut
 53386 | Depths:2 | Noticed a caustic shrike
 54059 | Depths:2 | Identified the amulet "Tuvuv" {rElec rPois rC+ Will+
                  | RegenMP+}
 54060 | Depths:2 | Noticed a juggernaut
 54068 | Depths:2 | Killed a caustic shrike
 54076 | Depths:2 | Killed a juggernaut
 54079 | Depths:2 | Killed a juggernaut
 54090 | Depths:2 | Killed a juggernaut
 54148 | Depths:2 | Reached skill level 19 in Fighting
 54221 | Depths:2 | Identified the orb of Fosoiq {guile, Regen+}
 54222 | Depths:2 | Noticed a juggernaut
 54234 | Depths:2 | Killed a juggernaut
 54565 | Depths:3 | Found a corrupted altar of Lugonu.
 55312 | Depths:3 | Identified the +3 robe "Tianur" {+Inv SInv}
 55312 | Depths:3 | Noticed Boris
 55320 | Depths:3 | Killed Boris
 56825 | Depths:3 | Found a radiant altar of Vehumet.
 57211 | Depths:4 | Entered Level 4 of the Depths
 57360 | Depths:4 | Found the +10 tower shield of Ignorance {rN+ Int-4}
 57531 | Depths:4 | Found a gate to the Realm of Zot.
 57985 | Depths:3 | Reached XP level 23. HP: 215/215 MP: 23/23
 58427 | Vaults:5 | Entered Level 5 of the Vaults
 58434 | Vaults:5 | Received a gift from Trog
 58436 | Vaults:5 | Reached skill level 20 in Fighting
 58924 | Vaults:5 | Noticed an ancient lich
 58927 | Vaults:5 | Identified the +4 falchion of Zoyweuj {flame, rElec Will++
                  | rCorr}
 58936 | Vaults:5 | Killed an ancient lich
 58991 | Vaults:5 | Identified the orb of the Bulwark {*channel, +Inv}
 58991 | Vaults:5 | Noticed Frederick
 59004 | Vaults:5 | Killed Frederick
 59069 | Vaults:5 | Identified the +8 battleaxe of Fear {drain, rPois Str-2
                  | Int+5}
 59385 | Vaults:5 | Identified the +0 pair of boots "Xaqoelue" {^Drain rPois
                  | rN++}
 59522 | Vaults:5 | Found Jyuluomm's Magic Scroll Shop.
 59522 | Vaults:5 | Found Ossiost's Magic Scroll Shoppe.
 59586 | Vaults:5 | Bought 2 scrolls of blinking for 345 gold pieces
 59868 | Vaults:5 | Found Quno's Antique Weapon Shoppe.
 59893 | Vaults:5 | Identified the +1 morningstar of Futept {flame, rN+ MP+9}
 59903 | Vaults:5 | Identified the +7 short sword of Godot {speed, rPois rF+}
 59911 | Vaults:5 | Identified the +3 plate armour "Zolluq" {Fly SInv}
 60385 | Vaults:5 | Found Pias's Distillery.
 60390 | Vaults:5 | Bought a potion of haste for 110 gold pieces
 60390 | Vaults:5 | Bought a potion of resistance for 110 gold pieces
 60397 | Vaults:5 | Got a silver rune of Zot
 60410 | Vaults:5 | Found Sarew's Magic Scroll Emporium.
 60428 | Vaults:5 | Bought a scroll of acquirement for 780 gold pieces
 60430 | Vaults:5 | Acquired 305 gold pieces
 61182 | Zot:1    | Entered Level 1 of the Realm of Zot
 61332 | Zot:2    | Noticed a curse toe
 61341 | Zot:2    | Killed a curse toe
 61505 | Zot:2    | Noticed an orb of fire
 61513 | Zot:2    | Reached XP level 24. HP: 226/226 MP: 23/23
 61517 | Zot:2    | Killed an orb of fire
 61518 | Zot:2    | Reached skill level 21 in Fighting
 62299 | Zot:5    | Entered Level 5 of the Realm of Zot
 62813 | Zot:5    | Found a transporter.
 62843 | Zot:5    | Found a transporter.
 62863 | Zot:5    | Found a transporter.
 63136 | Zot:5    | Noticed a dread lich
 63136 | Zot:5    | Noticed a dread lich
 63147 | Zot:5    | Killed a dread lich
 63151 | Zot:5    | Killed a dread lich
 63282 | Zot:5    | Noticed an ancient lich
 63282 | Zot:5    | Noticed an orb of fire
 63285 | Zot:5    | Gained mutation: You are dopey. (Int -2) [an orb of fire]
 63292 | Zot:5    | Noticed a dread lich
 63295 | Zot:5    | Noticed a Killer Klown
 63297 | Zot:5    | Killed an orb of fire
 63302 | Zot:5    | Killed an ancient lich
 63304 | Zot:5    | Killed a dread lich
 63314 | Zot:5    | Noticed an orb of fire
 63315 | Zot:5    | Noticed an orb of fire
 63316 | Zot:5    | Noticed an orb of fire
 63317 | Zot:5    | Killed a Killer Klown
 63317 | Zot:5    | Noticed an orb of fire
 63319 | Zot:5    | Gained mutation: You do not regenerate when monsters are
                  | visible. [an orb of fire]
 63321 | Zot:5    | HP: 10/231 [orb of fire/fireball (42)]
 64906 | Zot:5    | Gained mutation: You are clumsy. (Dex -2) [an orb of fire]
 64916 | Zot:5    | Killed an orb of fire
 64917 | Zot:5    | Reached skill level 22 in Fighting
 65303 | Zot:5    | Noticed a dread lich
 65332 | Zot:5    | Killed a dread lich
 65383 | Zot:5    | Noticed a Killer Klown
 65387 | Zot:5    | Noticed a Killer Klown
 65388 | Zot:5    | Gained mutation: You are very clumsy. (Dex -4) [an orb of
                  | fire]
 65390 | Zot:5    | Killed an orb of fire
 65400 | Zot:5    | Gained mutation: You occasionally lose the ability to drink
                  | potions when taking damage. [an orb of fire]
 65400 | Zot:5    | Noticed a Killer Klown
 65403 | Zot:5    | Noticed a Killer Klown
 65406 | Zot:5    | Gained mutation: You are frail. (-10% HP) [an orb of fire]
 65407 | Zot:5    | Killed an orb of fire
 65413 | Zot:5    | Gained mutation: Your body sometimes deteriorates upon
                  | taking damage. [an orb of fire]
 65413 | Zot:5    | Annihilated by an Orb Guardian

Illustrated notes

Levels and vault maps discovered:
D:1:      beargit_arrival_diablo_church, layout_loops_ring
D:2:      layout_loops_ring, hellmonk_ecumenical_altar_crossroads
D:3:      layout_loops_ring, nicolae_half_adder, uniq_natasha
D:4:      layout_cave_pods, serial_shops, nicolae_shop_waterfront,
          nicolae_shop_dealshenge, kennysheep_mini, uniq_edmund
D:5:      layout_basic, lemuel_zombie_altar_yredelemnul, serial_shops,
          nicolae_stop_n_shop_1, uniq_duvessa
D:6:      layout_basic, serial_glass, glass_columns_a, glass_columns_a,
          uniq_eustachio, uniq_pikel, uniq_grinder, uniq_blork_the_orc
D:7:      layout_gridville, mainiacjoe_overflow_divided_tiny,
          minmay_temple_entry_waves, uniq_maggie
D:8:      kb_forest_paths, layout_loops_corners, nicolae_overflow_squiral,
          david_lair_shrubbed, enter_bailey_2, item_on_display_a
D:9:      layout_long_grid, vehumet_statue, minmay_fountain_box,
          hangedman_incinerator
D:10:     layout_roguey [special_room_orc], special_room [special_room_orc],
          kennysheep_pointless_box, nicolae_hexahallways,
          amcnicky_mini_pool_medium, uniq_fannar
D:11:     layout_basic, chequers_serial_rivers_room_b, uniq_josephine,
          uniq_gastronok
D:12:     layout_cave_pools, orc_0_dummy, uniq_nergalle
D:13:     nicolae_whirlpool, layout_long_grid, gauntlet_entry_generic,
          uniq_erolcha
D:14:     layout_rooms, hangedman_vaults_entry_quadrant_bands, serial_shops,
          nicolae_shop_back_alley_shop, nrook_uturn, gammafunk_ghost_crypt,
          minmay_misc_feat_rows, uniq_roxanne
D:15:     grunt_enter_depths_hoard, layout_loops_cross, serial_bayou_lagoon_a,
          serial_park_tiny_pond
Lair:1:   layout_small_grid, basic_altar, hangedman_lair_generics_rect
Lair:2:   layout_long_grid, guppyfry_snake_entry_garden, serial_bayou_crossing,
          uniq_sonja
Lair:3:   layout_loops_ring, minmay_swamp_entry_reptiles, serial_forest,
          infiniplex_forest_straight_5, infiniplex_forest_zigzag_1,
          infiniplex_forest_corner_1, infiniplex_forest_straight_4,
          infiniplex_forest_clump_curved, infiniplex_forest_corner_2,
          gammafunk_ghost_hydra_chop
Lair:4:   layout_gridlike, slime_entry_1, uniq_nessos
Lair:5:   gammafunk_lair_ancient_temple, layout_small_grid, uniq_snorg
Swamp:1:  layout_basic_swamp, evilmike_swamp_ruin_house_2,
          nicolae_swamp_tree_isthmus
Swamp:2:  layout_basic_swamp, nicolae_swamp_dense_foliage, uniq_nikola
Swamp:3:  layout_basic_swamp, nicolae_swamp_tree_designs, st_swamp_ruins_2,
          nicolae_swamp_decorative_isthmus, uniq_jorgrun
Swamp:4:  swamp_fiery, layout_basic_swamp, swamp_pool_4
Snake:1:  layout_honeycomb, gammafunk_ghost_abyssal_escape,
          nicolae_snake_gridmaze_squiggle
Snake:2:  layout_grid_maze, serial_bayou_shore_b, uniq_donald
Snake:3:  layout_rooms
Snake:4:  johnstein_snake_rune_scales, layout_onion, uniq_vashnia
Orc:1:    layout_caves, serial_shops, shop
Orc:2:    grunt_orc_gardens, layout_caves, grunt_orc_garden, grunt_orc_garden,
          grunt_orc_garden, grunt_orc_garden, basic_altar,
          regret_index_minedec_devilstone
Elf:1:    layout_rooms, nicolae_trove_entry_isolated, kilobyte_rumbling_trees,
          hex_large, nicolae_elf_archery_training, minmay_shop_star, uniq_norris
Elf:2:    elven_hall_of_blades_hangedman_original
          [nicolae_blade_entry_crossed_weapons], layout_geoelf_grid,
          serial_shops, shop, shop, uniq_azrael, uniq_asterion
Elf:3:    grunt_elf_hall_diamonds, layout_geoelf_castle
Vaults:1: hangedman_vaults_maws, cheibrodos_frozen_isle,
          nicolae_vaults_closet_pinwheel_6, nicolae_vaults_little_squares_5,
          v_misc_24, nicolae_vaults_weapon_check, hangedman_vaults_stagger,
          nicolae_vaults_theta, nicolae_vaults_house_2, vaults_room_door_ring,
          v_misc_11, nicolae_vaults_specimen_jars,
          hangedman_vaults_stretched_pinwheel, ontoclasm_vaults_eye,
          layout_vaults_big_cross
Vaults:2: v_misc_15, v_misc_9, nicolae_vaults_house_2,
          hangedman_vaults_capsules, v_misc_12, nicolae_vaults_network_barrier,
          nicolae_vaults_windows_and_doors_thing,
          dpeg_vaults_pockets_of_resistance, v_alt_pattern_5,
          layout_vaults_omnibox
Vaults:3: nicolae_vaults_tangram_1, minmay_crypt_entry_necro_gods,
          vaults_standard_mumra_lines, nicolae_vaults_yaktaur_gun_rack,
          nicolae_vaults_swerve, nicolae_vaults_turnstiles,
          nicolae_vaults_cochlea, nicolae_vaults_security_offices_2, v_misc_26,
          layout_vaults_maze_snakey, uniq_boris, uniq_bai_suzhen
Vaults:4: portal_desolation_entry_salt, vaults_mumra_chevron,
          nicolae_vaults_mini_display_case, serial_library_hellmonk_semicircle,
          vaults_room_door_hall, layout_vaults_omnigrid, uniq_zenata
Vaults:5: uniq_frederick, uniq_margery
Depths:1: layout_roguey [special_room_mythical_zoo], enter_ziggurat_d,
          nrook_pool_corridor, hell_entry, rand_demon_pan_entry_4,
          moated_statue, serial_sigils_hangedman_gut, nicolae_blasting_shop,
          lemuel_flamethrower_2, grunt_megastairs_2, uniq_saint_roka
Depths:2: gammafunk_depths_water_palace, layout_gridlike, pan_entry,
          grunt_hell_entry_dis_grunt, hangedman_decor_lopped,
          grunt_ministairs_10, serial_sigils_hangedman_quiver,
          hangedman_decor_opposing, infiniplex_staircase_spiral, uniq_grunn
Depths:3: hangedman_screamer, layout_cave_shapes, hellmouth_3,
          lemuel_statue_altar, abyss_entry_flame_altar,
          infiniplex_staircase_squiggle
Depths:4: evilmike_zot_entry_basic, layout_gridlike, hell_entry, uniq_josephina
Zot:1:    layout_twisted_circle
Zot:2:    kennysheep_room_grid, layout_cellular_growth,
          regret_index_zotdec_serpentine_scales, hangedman_zot_decor_scrapings,
          lemuel_lich_library
Zot:3:    layout_onion, regret_index_zotdec_stipple_waver
Zot:4:    layout_misc_corridors,
          regret_index_zotdec_abyssal_contain_seething_sorcery,
          grunt_ministairs_8
Zot:5:    layout_gridlike, nicolae_transporter_intersection

Skill      XL: |  1  2  3  4  5  6  7  8  9 10 11 12 13 14 15 16 17 18 19 20 21 22 23 24 |
---------------+-------------------------------------------------------------------------+-----
Dodging        | 3 4 5 6 7 8 9 11 12 13 14 15 16 17 18 19 | 19.9
Fighting       | 4 5 6 7 8 10 11 13 14 15 16 17 18 19 20 22 | 22.1
Long Blades    | 4 5 6 8 10 12 13 15 16 | 16.0
Shields        | 8 9 10 12 13 14 15 16 17 18 19 20 | 20.8
Shapeshifting  | 8 12 13 14 15 16 17 18 | 18.7
Throwing       | 4 10 12 14 15 16 | 16.0

Action                     |  1- 3 |  4- 6 |  7- 9 | 10-12 | 13-15 | 16-18 | 19-21 | 22-24 || total
---------------------------+-------+-------+-------+-------+-------+-------+-------+-------++-------
  Melee: Falchion          |   120 |   168 |   293 |   571 |       |       |       |       ||  1152
         Tailslap          |    10 |    16 |    48 |   113 |   148 |   161 |   300 |   290 ||  1086
         Double sword      |       |       |       |   120 |   835 |   982 |  1305 |  1115 ||  4357
         Maw               |       |       |       |       |    26 |   327 |   497 |   481 ||  1331
         Unarmed           |       |       |       |       |       |       |       |     2 ||     2
         Bite              |       |       |       |       |       |       |       |     1 ||     1
  Throw: Boomerang         |       |       |       |       |     7 |   112 |    27 |    60 ||   206
         Dart              |       |       |       |       |     2 |    26 |     2 |     8 ||    38
 Invoke: Berserk           |       |     7 |     9 |     9 |    32 |    38 |    28 |    28 ||   151
         Trog's Hand       |       |     3 |     7 |    12 |    10 |    25 |    39 |    31 ||   127
         Brothers in Arms  |       |       |       |       |     4 |     3 |    12 |     9 ||    28
Ability: Mud Breath        |       |       |     3 |    10 |    19 |    18 |    24 |    27 ||   101
         Begin Untransform |       |       |     1 |       |       |       |       |       ||     1
  Evoke: Wand              |       |     4 |       |     3 |    42 |     6 |     1 |     1 ||    57
         Sack of spiders   |       |       |       |       |     1 |     3 |       |       ||     4
         Condenser vane    |       |       |       |       |       |     2 |     1 |     1 ||     4
    Use: Scroll            |       |       |    14 |    13 |     8 |    20 |    12 |    17 ||    84
         Potion            |       |       |     2 |     2 |     3 |    10 |     6 |     7 ||    30
   Stab: Sleeping          |     1 |     2 |     1 |     2 |     3 |    10 |     2 |       ||    21
         Distracted        |       |     1 |       |       |     1 |     2 |     1 |     1 ||     6
         Invisible         |       |       |       |       |     2 |       |    17 |    18 ||    37
 Armour: Skin              |    82 |   136 |   237 |   422 |   667 |  1046 |   513 |   385 ||  3488
  Dodge: Dodged            |    86 |   118 |   258 |   473 |   871 |  1047 |  1542 |  1017 ||  5412
  Block: Buckler           |       |       |       |       |   241 |       |       |       ||   241
         Kite shield       |       |       |       |       |   176 |  1221 |  1796 |   445 ||  3638
         Tower shield      |       |       |       |       |       |       |       |  1405 ||  1405
   Form: Beast             |       |       |     1 |       |       |       |       |       ||     1
         Maw               |       |       |       |       |     1 |       |       |     1 ||     2
         Dragon            |       |       |       |       |       |       |       |     1 ||     1

Table legend: (Time is in decaauts)
 A = Elapsed time spent in this place.
 B = Non-inter-level travel time spent in this place.
 C = Inter-level travel time spent in this place.
 D = Time resting spent in this place.
 E = Time spent auto-exploring this place.
 F = Levels seen in this place.
 G = Mean time per level.
                   A        B        C        D        E       F      G
               +--------+--------+--------+--------+--------+-----+--------+
         Total |  67395 |  59766 |   7629 |  19338 |  25458 |  48 | 1404.1 |
       Dungeon |  22023 |  18220 |   3803 |   5095 |   9850 |  15 | 1468.2 |
          Lair |   9162 |   8057 |   1105 |   2905 |   3734 |   5 | 1832.4 |
         Swamp |   5535 |   5233 |    302 |   2572 |   1628 |   4 | 1383.8 |
     Snake Pit |   4963 |   4518 |    445 |   1004 |   2125 |   4 | 1240.8 |
  Orcish Mines |   2625 |   2441 |    184 |   1429 |    610 |   2 | 1312.5 |
   Elven Halls |   1725 |   1650 |     75 |    369 |    729 |   3 |  575.0 |
        Vaults |   8896 |   8070 |    826 |   2026 |   3567 |   5 | 1779.2 |
        Depths |   7987 |   7143 |    844 |   2174 |   2688 |   4 | 1996.8 |
           Zot |   3683 |   3639 |     44 |   1731 |    236 |   5 |  736.6 |
    Desolation |    793 |    793 |      0 |     28 |    289 |   1 |  793.0 |
               +--------+--------+--------+--------+--------+-----+--------+

Top non-repeatable levels by time:
Depths:3: 2823 daAuts
Depths:2: 2776 daAuts
  Lair:1: 2355 daAuts
Vaults:1: 2214 daAuts
 Swamp:3: 2205 daAuts
     D:8: 2193 daAuts
    D:10: 2071 daAuts
    D:14: 2007 daAuts
  Lair:4: 1963 daAuts
 Snake:4: 1952 daAuts
  Lair:5: 1936 daAuts
Vaults:4: 1921 daAuts
Vaults:2: 1907 daAuts
     D:4: 1858 daAuts
   Orc:1: 1735 daAuts
